 Dungeon Crawl Stone Soup version 0.27.1-2-g3b301248ec (webtiles) character file.

Game seed: 4326529929153000441

441 safid the Chopper (level 7, -3/60 HPs)
             Began as a Hill Orc Fighter on Sept 24, 2021.
             Succumbed to Edmund's poison
             ... on level 5 of the Dungeon.
             The game lasted 00:12:05 (4850 turns).

safid the Chopper (Hill Orc Fighter)                Turns: 4850, Time: 00:12:06

Health: -3/60      AC: 10    Str: 21    XL:     7   Next: 2%
Magic:  7/7        EV:  7    Int:  8    God:
Gold:   254        SH:  9    Dex: 10    Spells: 6/6 levels left

rFire    . . .     SeeInvis .   a - +0 war axe
rCold    . . .     Faith    .   c - +0 kite shield
rNeg     + . .     Spirit   .   b - +0 scale mail
rPois    .         Reflect  .   (no helmet)
rElec    .         Harm     .   t - +0 cloak
rCorr    .         Rampage  .   u - +1 pair of gloves
Will     .....                  (no boots)
Stlth    +.........             v - amulet of Juatynlo {RegenMP +Blink Fly Stlth+}
HPRegen  0.20/turn              g - ring of positive energy
MPRegen  0.35/turn              (no ring)

@: lethally poisoned (-3 -> -40), flying
A: no striking features
a: Evoke Blink


You were on level 5 of the Dungeon.
You visited 1 branch of the dungeon, and saw 5 of its levels.
You also visited: Sewer.

You collected 254 gold pieces.

Inventory:

Hand Weapons
 a - a +0 war axe (weapon)
Missiles
 i - 10 atropa-tipped darts (quivered)
 m - 2 silver javelins
 p - 14 poisoned darts
 w - a throwing net
Armour
 b - a +0 scale mail (worn)
 c - a +0 kite shield (worn)
 t - a +0 cloak (worn)
 u - a +1 pair of gloves (worn)
Jewellery
 g - a ring of positive energy (left hand)
 v - the amulet of Juatynlo (around neck) {RegenMP +Blink Fly Stlth+}
   (You found it on level 4 of the Dungeon)

   [amulet of magic regeneration]

   It increases your rate of magic regeneration.
   Fly:       It grants you flight.
   +Blink:    It lets you blink.
   Stlth:     It makes you more stealthy.
Scrolls
 e - a scroll of immolation {unknown}
 k - a scroll of magic mapping {unknown}
 n - 3 scrolls of teleportation
 q - a scroll of amnesia {unknown}
 r - a scroll of vulnerability {unknown}
 s - a scroll of enchant weapon {unknown}
 x - a scroll of fear {unknown}
Potions
 d - a potion of might
 j - a potion of magic
 o - a potion of ambrosia


   Skills:
 + Level 4.7 Fighting
 + Level 6.2 Axes
 + Level 5.1 Armour
 + Level 4.9 Shields


You had 6 spell levels left.
You didn't know any spells.
Your spell library contained the following spells:

 Spells                   Type           Power      Damage    Failure   Level
 Shock                    Conj/Air       0%         1d3       99%         1
 Summon Guardian Golem    Hex/Summ       0%         N/A       100%        3
 Swiftness                Air            0%         N/A       100%        3
 Airstrike                Air            0%         N/A       100%        4
 Orb of Destruction       Conj           0%         N/A       100%        7
 Spellforged Servitor     Conj/Summ      0%         N/A       100%        7


Dungeon Overview and Level Annotations

Branches:
Dungeon (5/15)              Sewer (visited)
 Temple: D:4-7

Altars:
Fedhas
Makhleb
Ru
Uskayaw
Vehumet

Annotations:
D:3 exclusion: statue
D:5 Edmund


Message History

You are more poisoned.
You hit Edmund but do no damage.
Edmund is lightly wounded.
You feel very sick. You block Edmund's attack.
You closely miss Edmund.
Edmund is lightly wounded.
You feel very sick.
Edmund hits you with a +3 dire flail of venom!
You block Edmund's attack.
You feel better.
Edmund hits you with a +3 dire flail of venom.
You are poisoned.
You barely miss Edmund.
Edmund is lightly wounded.
You feel very sick.
Edmund hits you with a +3 dire flail of venom.
You are more poisoned.
Unknown command.
You completely miss Edmund.
Edmund is lightly wounded.
You feel very sick. You block Edmund's attack.
Unknown command.
You feel much better.
You feel very sick.
Edmund hits you with a +3 dire flail of venom!
You are lethally poisoned!
You closely miss Edmund.
Edmund is lightly wounded.
* * * LOW HITPOINT WARNING * * *
You feel extremely sick.
Edmund hits you with a +3 dire flail of venom.
* * * LOW HITPOINT WARNING * * *
Edmund hits you with a +3 dire flail of venom.
* * * LOW HITPOINT WARNING * * *
You are more poisoned.
You closely miss Edmund.
Edmund is lightly wounded.
You die...

#######
##.....#
##....@.#
##....@..#
##........#
#.........#
#..........#
#.<........#
#.$........#
##.........#
#..........#


You could see Edmund.

Vanquished Creatures
  A water moccasin (Sewer)
  An ogre (D:4)
  A jelly (D:4)
  An iguana (D:4)
  Ijyb (D:4)
  An orc wizard (D:4)
  3 gnolls (D:4)
  2 adders (D:4)
  2 worms
  3 dart slugs (D:4)
  4 orcs (D:4)
  5 ball pythons
  10 endoplasms
  3 giant cockroaches
  6 goblins
  6 hobgoblins
  4 jackals
  6 quokkas
  10 bats
  4 frilled lizards
  6 kobolds
  4 rats
84 creatures vanquished.

Notes
Turn   | Place    | Note
-------+----------+-------------------------------------------
     0 | D:1      | safid the Hill Orc Fighter began the quest for the Orb.
     0 | D:1      | Reached XP level 1. HP: 19/19 MP: 1/1
   260 | D:1      | Found a faded altar of an unknown god.
   263 | D:1      | Reached XP level 2. HP: 27/27 MP: 2/2
   562 | D:1      | Reached skill level 3 in Axes
  1089 | D:2      | Reached XP level 3. HP: 31/33 MP: 3/3
  1965 | D:3      | Found a radiant altar of Vehumet.
  1965 | D:3      | Noticed a charred statue
  2225 | D:3      | Found a blossoming altar of Fedhas.
  2436 | D:3      | Found a sacrificial altar of Ru.
  2548 | D:3      | Reached XP level 4. HP: 40/40 MP: 4/4
  2659 | D:4      | Found a hide-covered altar of Uskayaw.
  2659 | D:4      | Noticed a +0 falchion
  2659 | D:4      | Noticed a +0 short sword
  2659 | D:4      | Noticed a +0 dagger
  2663 | D:4      | Noticed a +0 falchion
  2664 | D:4      | Noticed a +0 spear
  2674 | D:4      | Noticed a +0 dagger
  2676 | D:4      | Noticed a +0 short sword
  2676 | D:4      | Noticed a +0 spear
  2704 | D:4      | Reached skill level 4 in Axes
  2836 | D:4      | Found a glowing drain.
  2856 | Sewer    | Entered a sewer
  2957 | Sewer    | Noticed a water moccasin
  2968 | Sewer    | Killed a water moccasin
  2968 | Sewer    | HP: 1/40 [poisoned by a water moccasin]
  2969 | Sewer    | Reached skill level 5 in Axes
  2969 | Sewer    | Reached XP level 5. HP: 1/47 MP: 5/5
  3371 | D:4      | Noticed Ijyb
  3377 | D:4      | Paralysed by Ijyb for 4 turns
  3383 | D:4      | Paralysed by Ijyb for 4 turns
  3389 | D:4      | Paralysed by Ijyb for 4 turns
  3393 | D:4      | Killed Ijyb
  3790 | D:4      | Reached XP level 6. HP: 32/53 MP: 6/6
  3936 | D:4      | Identified the amulet of Juatynlo {RegenMP +Blink Fly
                  | Stlth+}
  4311 | D:4      | Found a burning altar of Makhleb.
  4480 | D:5      | Entered Level 5 of the Dungeon
  4676 | D:4      | Reached skill level 6 in Axes
  4676 | D:4      | Reached skill level 5 in Armour
  4681 | D:4      | Reached XP level 7. HP: 46/60 MP: 7/7
  4830 | D:5      | Noticed Edmund
  4850 | D:5      | Succumbed to Edmund's poison

Illustrated notes

Levels and vault maps discovered:
D:1:      lightli_arrival_noodles, layout_basic, shapermc_ecumenical_altar_gd,
          chequers_serial_rivers_small_3
D:2:      layout_basic
D:3:      layout_rooms, vehumet_statue, fedhas_altar_1,
          nicolae_overflow_hidden_temple, serial_rivers,
          chequers_serial_rivers_room_a, chequers_serial_rivers_marsh,
          chequers_serial_rivers_micro_c, chequers_serial_rivers_micro_b,
          minmay_crystal_room, hangedman_decor_peaks_small
D:4:      layout_basic, nicolae_uskayaw_en_pointe, kennysheep_little_box,
          cheibrodos_sewer_entry_drain, uniq_ijyb
D:5:      layout_rooms, kennysheep_generic_room_10, uniq_edmund,
          uniq_crazy_yiuf_cottage

Skill      XL: |  1  2  3  4  5  6 |
---------------+-------------------+-----
Axes           | 3 5 6 |  6.2
Fighting       | 4 |  4.7
Shields        | 4 |  4.9
Armour         | 4 5 |  5.1

Action                   |  1- 3 |  4- 6 |  7- 9 || total
-------------------------+-------+-------+-------++-------
Melee: War axe           |   114 |   127 |     9 ||   250
  Use: Potion            |       |     3 |     2 ||     5
       Scroll            |       |     5 |       ||     5
Armor: Scale mail        |    58 |    45 |     6 ||   109
       Skin              |       |    11 |       ||    11
Dodge: Dodged            |    34 |    36 |     1 ||    71
Block: Kite shield       |    59 |    83 |     5 ||   147
